 Dungeon Crawl Stone Soup version 0.21.0-3-g78d12a8 (webtiles) character file.

93 Monsterracer the Changer (level 4, 0/31 HPs)
             Began as a Vampire Transmuter on Jan 14, 2018.
             Killed by nerve-wracking pain
             ... invoked by Grinder
              (5 damage)
             ... on level 3 of the Dungeon.
             The game lasted 00:03:25 (2363 turns).

Monsterracer the Changer (Vampire Transmuter)       Turns: 2363, Time: 00:03:26

Health: 0/31       AC:  3    Str:  9    XL:     4   Next: 37%
Magic:  4/8        EV: 12    Int: 16    God:
Gold:   122        SH:  3    Dex: 14    Spells: 2/8 levels left

rFire    . . .     SeeInvis +     - Unarmed
rCold    . . .     Gourm    .   (no shield)
rNeg     . . .     Faith    .   b - +0 robe
rPois    .         Spirit   .   (no helmet)
rElec    .         Reflect  +   (no cloak)
rCorr    .         Harm     .   h - +0 pair of gloves
MR       .....                  (boots currently unavailable)
Stlth    +.........             q - +3 amulet of reflection
HPRegen  0.30/turn              (no ring)
MPRegen  0.11/turn              (no ring)

@: appendage (expiring), regenerating quickly
A: fangs 3, talons 3, see invisible, unbreathing
a: End Transformation


You were on level 3 of the Dungeon.
You were very full.
You had grown temporary talons.
You visited 1 branch of the dungeon, and saw 3 of its levels.

You collected 122 gold pieces.

Inventory:

Missiles
 a - 70 arrows
Armour
 b - a +0 robe (worn)
 h - a +0 pair of gloves (worn)
Jewellery
 q - a +3 amulet of reflection (around neck)
Scrolls
 i - 4 scrolls of remove curse {unknown}
 j - 2 scrolls of magic mapping {unknown}
 m - a scroll of amnesia {unknown}
 o - 3 scrolls of identify {unknown}
 p - 4 scrolls of teleportation {unknown}
Potions
 d - 9 potions of blood
 e - a potion of cancellation {unknown}
 f - a potion of lignification {unknown}
 g - a potion of might {unknown}
 k - a potion of resistance {unknown}
 l - a potion of invisibility {unknown}
 n - 2 potions of agility {unknown}
Books
 c - a book of Changes

   Spells                             Type                      Level
   a - Beastly Appendage              Transmutation                1
   b - Sticks to Snakes               Transmutation                2
   c - Spider Form                    Transmutation/Poison         3
   d - Ice Form                       Ice/Transmutation            4
   e - Blade Hands                    Transmutation                5


   Skills:
 - Level 0.8 Fighting
 - Level 2.1 Dodging
 - Level 3.2 Unarmed Combat
 + Level 2.9 Spellcasting
 * Level 4.4 Transmutations


You had 2 spell levels left.
You knew the following spells:

 Your Spells              Type           Power        Failure   Level  Hunger
a - Beastly Appendage     Tmut           ###...       3%          1    #......
b - Sticks to Snakes      Tmut           ###.....     4%          2    ##.....
c - Spider Form           Tmut/Pois      #.........   22%         3    ###....


Dungeon Overview and Level Annotations

Branches:
Dungeon (3/15)

Altars:

Annotations:
D:3 Grinder


Innate Abilities, Weirdness & Mutations

Your natural rate of healing is unusually fast.
You have razor-sharp teeth.
You have supernaturally acute eyesight. (SInv)
You can survive without breathing.
You have claws for feet.


Message History

d - 8 potions of blood (gained 1)
You see here a quokka skeleton.
There is an open door here.
Key pressed, stopping explore.
No target in view!
There is an open door here.
You open the door.
There is an open door here.
Found a stone staircase leading up.
No target in view!
No target in view!
No target in view!
Found a leather armour.
A goblin comes into view.
The goblin hits you.
You take 3 damage, and have 28/31 hp.
You closely miss the goblin. The goblin hits you.
You take 1 damage, and have 27/31 hp.
You closely miss the goblin. The goblin closely misses you.
You barely miss the goblin. The goblin hits you but does no damage.
You hit the goblin.
You kill the goblin!
You bottle the corpse's blood.
d - 9 potions of blood (gained 1) Grinder comes into view.
Found 15 gold pieces.
Health restored: 31 Grinder blinks!
No target in view!
Grinder is too close now for your liking.
Grinder is nearby!
Casting: Spider Form
Confirm with . or Enter, or press ? or * to list all spells.
You create a snake!
You now have 71 arrows.
You now have 6/8 mp.
Casting: Sticks to Snakes
Confirm with . or Enter, or press ? or * to list all spells.
You create a snake!
You now have 70 arrows.
Your adder bites Grinder but does no damage.
Grinder hits you.
You writhe in agony.
You take 4 damage, and have 27/31 hp.
You now have 4/8 mp.
You hit Grinder but do no damage. You bite Grinder.
Grinder is lightly wounded.
Your adder barely misses Grinder.
Grinder gestures at you. Pain shoots through your body!
You take 2 damage, and have 25/31 hp.
Casting: Sticks to Snakes
Confirm with . or Enter, or press ? or * to list all spells.
Your feet morph into talons.
Your adder bites Grinder.
Grinder barely misses you.
You now have 3/8 mp.
You hit Grinder. You claw Grinder.
Grinder is lightly wounded.
Your adder bites Grinder.
Your ball python barely misses Grinder.
Your ball python misses Grinder.
Your adder bites Grinder.
You hit Grinder but do no damage.
Grinder is moderately wounded.
Grinder blinks!
Grinder hits your ball python.
Your ball python dies!
Your adder misses Grinder.
Your adder bites Grinder but does no damage.
Grinder gestures at you. You resist with significant effort.
Your adder bites Grinder but does no damage.
Grinder barely misses you.
Your adder closely misses Grinder.
You barely miss Grinder. You claw Grinder, but do no damage.
Grinder is moderately wounded.
Grinder blinks!
Grinder hits your adder.
Your adder bites Grinder.
You see here 15 gold pieces.
Your adder closely misses Grinder.
Grinder barely misses you.
You hit Grinder but do no damage. You bite Grinder, but do no damage.
Grinder is moderately wounded.
Your adder bites Grinder but does no damage.
Grinder hits you!
Your adder barely misses Grinder.
You take 11 damage, and have 16/31 hp.
MASSIVE DAMAGE!!
You hit Grinder. You bite Grinder.
Grinder is heavily wounded.
Your transformation is almost over.
Grinder hits you!
* * * LOW HITPOINT WARNING * * *
You writhe in agony.
* * * LOW HITPOINT WARNING * * *
Your adder bites Grinder.
You take 8 damage, and have 8/31 hp.
MASSIVE DAMAGE!!
You hit Grinder.
Grinder is heavily wounded.
Your adder barely misses Grinder.
Grinder hits you.
* * * LOW HITPOINT WARNING * * *
You writhe in agony.
* * * LOW HITPOINT WARNING * * *
You take 3 damage, and have 5/31 hp.
You hit Grinder.
Grinder is heavily wounded.
Your adder bites Grinder.
Grinder gestures at you. Pain shoots through your body!
You die...

.#######.#############.#
...<...#.# #.#
.......[.# ####+#.#
######...# #......#
.........# #......#
#######..# #......# #..#
#......# #..#
######$..$$.# #..#
#....@S.....# #..#
#.####5.....# #..#
.......... #..#
########.### #..# .# ##


You could see Grinder and a friendly adder.

Vanquished Creatures
  An adder (D:2)
  3 oozes
  2 dart slugs
  3 leopard geckos
  6 giant cockroaches
  7 goblins
  11 hobgoblins
  7 jackals
  8 kobolds
  A quokka (D:3)
  4 bats
  A frilled lizard (D:1)
  5 rats
59 creatures vanquished.

Notes
Turn   | Place    | Note
-------+----------+-------------------------------------------
     0 | D:1      | Monsterracer the Vampire Transmuter began the quest for the Orb.
     0 | D:1      | Reached XP level 1. HP: 14/14 MP: 3/3
   360 | D:1      | Reached XP level 2. HP: 20/20 MP: 3/5
   364 | D:1      | Learned a level 2 spell: Sticks to Snakes
   419 | D:1      | Reached skill level 3 in Transmutations
   493 | D:1      | HP: 9/20 [hobgoblin/club (3)]
   697 | D:1      | Reached XP level 3. HP: 20/25 MP: 6/6
   702 | D:1      | Learned a level 3 spell: Spider Form
   800 | D:1      | HP: 12/25 [jackal (2)]
  1343 | D:2      | Reached skill level 4 in Transmutations
  1548 | D:2      | Reached XP level 4. HP: 19/31 MP: 1/8
  2343 | D:3      | Noticed Grinder
  2361 | D:3      | HP: 9/31 [Grinder (8)]
  2363 | D:3      | Killed from afar by Grinder

Skill      XL: |  1  2  3 |
---------------+----------+-----
Transmutations | 3 4 |  4.4
Fighting       | |  0.8
Dodging        | |  2.1
Unarmed Combat | |  3.2
Spellcasting   | |  2.9

Action                   |  1- 3 |  4- 6 || total
-------------------------+-------+-------++-------
Melee: Unarmed           |   135 |    84 ||   219
       Kick              |     1 |     2 ||     3
       Bite              |     6 |     8 ||    14
       Headbutt          |     1 |       ||     1
       Punch             |       |     3 ||     3
 Cast: Beastly Appendage |     5 |     1 ||     6
       Spider Form       |     2 |     1 ||     3
       Sticks to Snakes  |       |     2 ||     2
  Use: Potion            |    12 |     4 ||    16
 Stab: Sleeping          |     3 |       ||     3
Armor: Robe              |    21 |    16 ||    37
       Skin              |       |     2 ||     2
Dodge: Dodged            |   101 |    43 ||   144
Block: Other             |       |     4 ||     4

Vault maps used:
D:1:      shiori_arrival_oz
D:3:      trog_book, uniq_grinder, uniq_natasha
